BSA
GREENVILLE 84S @ AUSTIN RIVER SHARKS
05/02/2026
 
TOP OF THE 1ST
Greenville 84s batting - Pitching for Austin River Sharks : RHP Takahiro Sakei
Pitching: RHP Takahiro Sakei
Batting: RHB Carlos Torres 0-0: Ball
1-0: Ground out U3 (Groundball, 3L)
Batting: LHB Paco Rosas 0-0: Called Strike
0-1: Swinging Strike
0-2: Foul Ball, location: 2F
0-2: Foul Ball, location: 2F
0-2: Ball
1-2: Ball
2-2: Foul Ball, location: 2F
2-2: Fly out, F8 (Line Drive, 8RM)
Batting: RHB Enzo Díaz 0-0: Ball
1-0: Ball
2-0: Ball
3-0: Base on Balls
Batting: RHB Jorge Cisneros 0-0: Foul Ball, location: 2F
0-1: Called Strike
0-2: Ball
1-2: Ground out 6-3 (Groundball, 6)
Top of the 1st over - 0 run(s), 0 hit(s), 0 error(s), 1 left on base; Greenville 0 - Austin 0
BOTTOM OF THE 1ST
Austin River Sharks batting - Pitching for Greenville 84s : RHP Hiroshige Yamada
Pitching: RHP Hiroshige Yamada
Batting: LHB Bruno Lalonde 0-0: Foul Ball, location: 2F
0-1: Ball
1-1: Bunted foul
1-2: Ball
2-2: Ball
3-2: Strikes out swinging
Batting: RHB Carlos Pérez 0-0: Ball
1-0: Fly out, F9 (Flyball, 89S)
Batting: SHB Juan Castro 0-0: Ball
1-0: SINGLE (Line Drive, 56D)
Batting: LHB Pedro Zaragoza 0-0: Ball
1-0: Ball
Juan Castro is caught stealing 2nd base
Bottom of the 1st over - 0 run(s), 1 hit(s), 0 error(s), 0 left on base; Greenville 0 - Austin 0
TOP OF THE 2ND
Greenville 84s batting - Pitching for Austin River Sharks : RHP Takahiro Sakei
Batting: LHB Jimmy Vickers 0-0: Called Strike
0-1: Ball
1-1: Ball
2-1: Foul Ball, location: 2F
2-2: Foul Ball, location: 2F
2-2: Strikes out swinging
Batting: LHB Kiyonaga Morita 0-0: Ball
1-0: Called Strike
1-1: Ball
2-1: Foul Ball, location: 2F
2-2: Strikes out swinging
Batting: LHB José Costa 0-0: Ground out 4-3 (Groundball, 34)
Top of the 2nd over - 0 run(s), 0 hit(s), 0 error(s), 0 left on base; Greenville 0 - Austin 0
BOTTOM OF THE 2ND
Austin River Sharks batting - Pitching for Greenville 84s : RHP Hiroshige Yamada
Batting: LHB Pedro Zaragoza 0-0: Ball
1-0: Ground out 5-3 (Groundball, 6S)
Batting: RHB Kenneth Roberts 0-0: Ball
1-0: Ball
2-0: Called Strike
2-1: Ball
3-1: Ground out 5-3 (Groundball, 5)
Batting: LHB Miguel Colón 0-0: Ball
1-0: Ball
2-0: Foul Ball, location: 2F
2-1: Ball
3-1: Fly out, F9 (Flyball, 89S)
Bottom of the 2nd over - 0 run(s), 0 hit(s), 0 error(s), 0 left on base; Greenville 0 - Austin 0
TOP OF THE 3RD
Greenville 84s batting - Pitching for Austin River Sharks : RHP Takahiro Sakei
Batting: RHB Felipe Rodríguez 0-0: Ground out 4-3 (Groundball, 4)
Batting: RHB Sugita Ito 0-0: Ball
1-0: Ball
2-0: Called Strike
2-1: Foul Ball, location: 2F
2-2: Ball
3-2: Strikes out swinging
Batting: RHB Carlos Torres 0-0: Foul Ball, location: 2F
0-1: Ball
1-1: Ball
2-1: Ball
3-1: Base on Balls
Batting: LHB Paco Rosas 0-0: Ball
1-0: Ball
2-0: Foul Ball, location: 2F
2-1: Ball
3-1: Foul Ball, location: 2F
3-2: Fly out, F7 (Line Drive, 78S)
Top of the 3rd over - 0 run(s), 0 hit(s), 0 error(s), 1 left on base; Greenville 0 - Austin 0
BOTTOM OF THE 3RD
Austin River Sharks batting - Pitching for Greenville 84s : RHP Hiroshige Yamada
Batting: RHB Tyler Wagner 0-0: Called Strike
0-1: Ball
1-1: Ball
2-1: Foul Ball, location: 2F
2-2: Ball
3-2: Foul Ball, location: 2F
3-2: Strikes out looking
Batting: SHB John Miller 0-0: Ball
1-0: Ground out 4-3 (Groundball, 4)
Batting: RHB Orlando Bruno 0-0: Called Strike
0-1: Ball
1-1: Ball
2-1: Ball
3-1: Fly out, F7 (Flyball, 7M)
Bottom of the 3rd over - 0 run(s), 0 hit(s), 0 error(s), 0 left on base; Greenville 0 - Austin 0
TOP OF THE 4TH
Greenville 84s batting - Pitching for Austin River Sharks : RHP Takahiro Sakei
Batting: RHB Enzo Díaz 0-0: Swinging Strike
0-1: Called Strike
0-2: Fly out, F7 (Line Drive, 7M)
Batting: RHB Jorge Cisneros 0-0: Ball
1-0: Called Strike
1-1: SOLO HOME RUN (Line Drive, 78XD), Distance : 403 ft
Batting: LHB Jimmy Vickers 0-0: Foul Ball, location: 2F
0-1: Foul Ball, location: 2F
0-2: Strikes out looking
Batting: LHB Kiyonaga Morita 0-0: Ball
1-0: Called Strike
1-1: SINGLE (Line Drive, 6M)
Batting: LHB José Costa 0-0: Swinging Strike
0-1: Foul Ball, location: 2F
0-2: Foul Ball, location: 2F
0-2: Ball
1-2: Strikes out swinging
Top of the 4th over - 1 run(s), 2 hit(s), 0 error(s), 1 left on base; Greenville 1 - Austin 0
BOTTOM OF THE 4TH
Austin River Sharks batting - Pitching for Greenville 84s : RHP Hiroshige Yamada
Batting: LHB Bruno Lalonde 0-0: Ball
1-0: Ball
2-0: Foul Ball, location: 2F
2-1: Swinging Strike
2-2: Foul Ball, location: 2F
2-2: Strikes out swinging
Batting: RHB Carlos Pérez 0-0: Called Strike
0-1: Ball
1-1: Swinging Strike
1-2: Strikes out swinging
Batting: SHB Juan Castro 0-0: Foul Ball, location: 2F
0-1: Ball
1-1: Foul Ball, location: 2F
1-2: Ball
2-2: Strikes out looking
Bottom of the 4th over - 0 run(s), 0 hit(s), 0 error(s), 0 left on base; Greenville 1 - Austin 0
TOP OF THE 5TH
Greenville 84s batting - Pitching for Austin River Sharks : RHP Takahiro Sakei
Batting: RHB Felipe Rodríguez 0-0: Foul Ball, location: 2F
0-1: Swinging Strike
0-2: Ball
1-2: Ball
2-2: Foul Ball, location: 2F
2-2: Ball
3-2: Base on Balls
Batting: RHB Sugita Ito 0-0: Fly out, F4 (Popup, 34D)
Batting: RHB Carlos Torres 0-0: Called Strike
0-1: Swinging Strike
0-2: Ball
1-2: SINGLE (Line Drive, 89S)
Felipe Rodríguez to second
Batting: LHB Paco Rosas 0-0: Swinging Strike
0-1: Ball
1-1: Ball
2-1: SINGLE (Flyball, 6MD)
Felipe Rodríguez to third
Carlos Torres to second
Runner from 3rd tries for Home, SAFE, throw made home
Batting: RHB Enzo Díaz 0-0: Called Strike
Carlos Torres steals 3rd base
Paco Rosas to second
0-1: Ground out 5-3 (Groundball, 15S)
Batting: RHB Jorge Cisneros 0-0: Fly out, F9 (Flyball, 89XD)
Top of the 5th over - 1 run(s), 2 hit(s), 0 error(s), 2 left on base; Greenville 2 - Austin 0
BOTTOM OF THE 5TH
Austin River Sharks batting - Pitching for Greenville 84s : RHP Hiroshige Yamada
Batting: LHB Pedro Zaragoza 0-0: Called Strike
0-1: Swinging Strike
0-2: Ball
1-2: Fly out, F7 (Flyball, 78S)
Batting: RHB Kenneth Roberts 0-0: Ball
1-0: Called Strike
1-1: Swinging Strike
1-2: Ball
2-2: Foul Ball, location: 2F
2-2: Strikes out looking
Batting: LHB Miguel Colón 0-0: SOLO HOME RUN (Flyball, 8RXD), Distance : 425 ft
Batting: RHB Tyler Wagner 0-0: Ball
1-0: Ball
2-0: Ground out 1-3 (Groundball, 34S)
Bottom of the 5th over - 1 run(s), 1 hit(s), 0 error(s), 0 left on base; Greenville 2 - Austin 1
TOP OF THE 6TH
Greenville 84s batting - Pitching for Austin River Sharks : RHP Takahiro Sakei
Pitching: RHP Ricardo Sánchez
Batting: LHB Jimmy Vickers 0-0: Ball
1-0: SINGLE (Line Drive, 78S)
Batting: LHB Kiyonaga Morita 0-0: Ball
1-0: Foul Ball, location: 2F
1-1: Ground out 5-3 (Groundball, 56S)
Jimmy Vickers to second
Batting: LHB José Costa 0-0: Swinging Strike
0-1: Swinging Strike
0-2: Foul Ball, location: 2F
0-2: Ground out 6-3 (Groundball, 6)
Batting: RHB Felipe Rodríguez 0-0: Ball
1-0: Fly out, F8 (Popup, 8LS)
Top of the 6th over - 0 run(s), 1 hit(s), 0 error(s), 1 left on base; Greenville 2 - Austin 1
BOTTOM OF THE 6TH
Austin River Sharks batting - Pitching for Greenville 84s : RHP Hiroshige Yamada
Batting: SHB John Miller 0-0: Ground out 4-3 (Groundball, 4)
Batting: RHB Orlando Bruno 0-0: Ball
1-0: Ball
2-0: Called Strike
2-1: Foul Ball, location: 2F
2-2: Foul Ball, location: 2F
2-2: Ball
3-2: Foul Ball, location: 2F
3-2: Foul Ball, location: 2F
3-2: Ground out 6-3 (Groundball, 6)
Batting: LHB Bruno Lalonde 0-0: Called Strike
0-1: Ball
1-1: SINGLE (Line Drive, 9LS)
Batting: RHB Carlos Pérez 0-0: Ball
1-0: Called Strike
Bruno Lalonde steals 2nd base
1-1: Swinging Strike
1-2: SINGLE (Groundball, 56)
Bruno Lalonde to third
Runner from 3rd tries for Home, SAFE, no throw or cutoff
Batting: SHB Juan Castro 0-0: Called Strike
0-1: Ball
Carlos Pérez is caught stealing 2nd base
Bottom of the 6th over - 1 run(s), 2 hit(s), 0 error(s), 0 left on base; Greenville 2 - Austin 2
TOP OF THE 7TH
Greenville 84s batting - Pitching for Austin River Sharks : RHP Ricardo Sánchez
Pinch Hitting: LHB George Wood 0-0: SINGLE (Line Drive, 56D)
Batting: RHB Carlos Torres 0-0: Sac Bunt - play at first, batter OUT! 1-4
George Wood to second
Batting: LHB Paco Rosas 0-0: Ball
1-0: Ground out 4-3 (Groundball, 34)
George Wood to third
Batting: RHB Enzo Díaz 0-0: Ball
1-0: Foul Ball, location: 2F
1-1: Ball
2-1: Foul Ball, location: 2F
2-2: Hit by Pitch
Batting: RHB Jorge Cisneros 0-0: Ball
1-0: Ball
2-0: Called Strike
2-1: Foul Ball, location: 2F
2-2: Strikes out swinging
Top of the 7th over - 0 run(s), 1 hit(s), 0 error(s), 2 left on base; Greenville 2 - Austin 2
BOTTOM OF THE 7TH
Austin River Sharks batting - Pitching for Greenville 84s : RHP Hiroshige Yamada
Now at 3B: George Wood
Batting: SHB Juan Castro 0-0: Ball
1-0: Ball
2-0: Ground out 6-3 (Groundball, 6MS)
Batting: LHB Pedro Zaragoza 0-0: Called Strike
0-1: Ball
1-1: Foul Ball, location: 2F
1-2: Strikes out swinging
Batting: RHB Kenneth Roberts 0-0: Ball
1-0: Swinging Strike
1-1: Foul Ball, location: 2F
1-2: Ball
2-2: DOUBLE (Line Drive, 78M)
Batting: LHB Miguel Colón 0-0: Ball
1-0: Called Strike
1-1: Called Strike
1-2: Strikes out swinging
Bottom of the 7th over - 0 run(s), 1 hit(s), 0 error(s), 1 left on base; Greenville 2 - Austin 2
TOP OF THE 8TH
Greenville 84s batting - Pitching for Austin River Sharks : RHP Ricardo Sánchez
Pitching: RHP Ramón Estrada
Batting: LHB Jimmy Vickers 0-0: Ball
1-0: Ball
2-0: Fly out, F7 (Line Drive, 7S)
Batting: LHB Kiyonaga Morita 0-0: Ground out 6-3 (Groundball, 6)
Batting: LHB José Costa 0-0: Called Strike
0-1: SINGLE (Groundball, 6D)
Batting: RHB Felipe Rodríguez 0-0: Called Strike
0-1: Ball
1-1: Foul Ball, location: 2F
1-2: Ball
2-2: Ball
3-2: Base on Balls
José Costa to second
Batting: LHB George Wood 0-0: Ball
1-0: Foul Ball, location: 2F
1-1: Fly out, F8 (Flyball, 8RD)
Top of the 8th over - 0 run(s), 1 hit(s), 0 error(s), 2 left on base; Greenville 2 - Austin 2
BOTTOM OF THE 8TH
Austin River Sharks batting - Pitching for Greenville 84s : RHP Hiroshige Yamada
Pitching: RHP Pierre Deschênes
Batting: RHB Tyler Wagner 0-0: Called Strike
0-1: Called Strike
0-2: Foul Ball, location: 2F
0-2: Ball
1-2: Ball
2-2: Foul Ball, location: 2F
2-2: Strikes out swinging
Batting: SHB John Miller 0-0: Fly out, F7 (Flyball, 7LM)
Batting: RHB Orlando Bruno 0-0: Called Strike
0-1: Ball
1-1: Ground out 5-3 (Groundball, 5)
Bottom of the 8th over - 0 run(s), 0 hit(s), 0 error(s), 0 left on base; Greenville 2 - Austin 2
TOP OF THE 9TH
Greenville 84s batting - Pitching for Austin River Sharks : RHP Ramón Estrada
Pitching: LHP Ignacio Colón
Batting: RHB Carlos Torres 0-0: Ball
1-0: Ball
2-0: Called Strike
2-1: Fly out, F7 (Flyball, 7M)
Batting: LHB Paco Rosas 0-0: Called Strike
0-1: Foul Ball, location: 2F
0-2: SINGLE (Flyball, 8LS)
Batting: RHB Enzo Díaz 0-0: Called Strike
0-1: Ball
1-1: Foul Ball, location: 2F
1-2: Foul Ball, location: 2F
1-2: Ball
2-2: Ball
3-2: Foul Ball, location: 2F
3-2: Base on Balls
Paco Rosas to second
Batting: RHB Jorge Cisneros 0-0: Ground out 4-3 (Groundball, 4M)
Paco Rosas to third
Enzo Díaz to second
Batting: LHB Jimmy Vickers 0-0: Called Strike
0-1: Ball
1-1: Ball
2-1: Fly out, F7 (Line Drive, 78M)
Top of the 9th over - 0 run(s), 1 hit(s), 0 error(s), 2 left on base; Greenville 2 - Austin 2
BOTTOM OF THE 9TH
Austin River Sharks batting - Pitching for Greenville 84s : RHP Pierre Deschênes
Batting: LHB Bruno Lalonde 0-0: Ball
1-0: Ground out 4-3 (Groundball, 34)
Batting: RHB Carlos Pérez 0-0: Fly out, F6 (Line Drive, 6)
Batting: SHB Juan Castro 0-0: Called Strike
0-1: Called Strike
0-2: Ground out 1-3 (Groundball, 13)
Bottom of the 9th over - 0 run(s), 0 hit(s), 0 error(s), 0 left on base; Greenville 2 - Austin 2
TOP OF THE 10TH
Greenville 84s batting - Pitching for Austin River Sharks : LHP Ignacio Colón
Batting: LHB Kiyonaga Morita 0-0: Ball
1-0: Foul Ball, location: 2F
1-1: Called Strike
1-2: Foul Ball, location: 2F
1-2: Ball
2-2: Ball
3-2: Base on Balls
Batting: LHB José Costa 0-0: Called Strike
0-1: SINGLE (Line Drive, 9LS)
Kiyonaga Morita to second
Runner from 2nd tries for 3rd, OUT!
Batting: RHB Felipe Rodríguez 0-0: Called Strike
0-1: Ball
1-1: Fly out, F9 (Flyball, 89M)
Batting: LHB George Wood 0-0: Ball
1-0: Called Strike
1-1: Ball
2-1: SINGLE (Line Drive, 89S)
José Costa to second
Batting: RHB Carlos Torres 0-0: DOUBLE (Line Drive, 78D)
José Costa scores
George Wood to third
Runner from 3rd tries for Home, SAFE, no throw or cutoff
Batting: LHB Paco Rosas 0-0: Ground out U3 (Groundball, 3L)
Top of the 10th over - 2 run(s), 3 hit(s), 0 error(s), 1 left on base; Greenville 4 - Austin 2
BOTTOM OF THE 10TH
Austin River Sharks batting - Pitching for Greenville 84s : RHP Pierre Deschênes
Pitching: RHP Dave Johnston
Batting: LHB Pedro Zaragoza 0-0: Ball
1-0: Foul Ball, location: 2F
1-1: Swinging Strike
1-2: Ball
2-2: Fly out, F7 (Flyball, 7M)
Batting: RHB Kenneth Roberts 0-0: Ball
1-0: Swinging Strike
1-1: Called Strike
1-2: Strikes out swinging
Batting: LHB Miguel Colón 0-0: Swinging Strike
0-1: Ball
1-1: Swinging Strike
1-2: Ball
2-2: Strikes out swinging
Bottom of the 10th over - 0 run(s), 0 hit(s), 0 error(s), 0 left on base; Greenville 4 - Austin 2
Monday, December 5th, 2016 - OOTP Baseball 17.12 Build 75